 Dungeon Crawl Stone Soup version 0.30-a0-916-g98134172ad (webtiles) character file.

Game seed: 17254898462421915463

7 112233 the Digger (level 2, 0/17 HPs)
             Began as an Octopode Earth Elementalist on Mar 20, 2023.
             Slain by a jackal (3 damage)
             ... on level 2 of the Dungeon.
             The game lasted 00:00:16 (129 turns).

112233 the Digger (Octopode Earth Elementalist)      Turns: 129, Time: 00:00:17

Health: 0/17       AC:  1    Str:  7    XL:     2   Next: 4%
Magic:  1/5        EV: 13    Int: 17    God:
Gold:   0          SH:  0    Dex: 12    Spells: 5/6 levels left

rFire   . . .      SeeInvis .    (no weapon)
rCold   . . .      Faith    .    (no shield)
rNeg    . . .      Spirit   .    (helmet restricted)
rPois   .          Reflect  .    (no amulet)
rElec   .          Rampage  .    (no ring)
rCorr   .                        (no ring)
Will    .....                    (no ring)
Stlth   +++                      (no ring)
HPRegen 0.22/turn                (no ring)
MPRegen 0.09/turn                (no ring)
                                 (no ring)
                                 (no ring)

@: no status effects
A: almost no armour, amphibious, 8 rings, camouflage 1, gelatinous body 1,
(nimble swimmer 1), tentacles
a: no special abilities


You were on level 2 of the Dungeon.
You visited 1 branch of the dungeon, and saw 2 of its levels.

Inventory:

Potions
 a - a potion of magic


   Skills:
 - Level 2.0 Dodging
 - Level 2.6 Stealth
 + Level 2.6 Spellcasting
 - Level 1.0 Transmutations
 - Level 3.0 Earth Magic


You had 5 spell levels left.
You knew the following spells:

 Your Spells              Type           Power      Damage    Failure   Level
a - Sandblast             Erth           24%        2d8       5%          1

Your spell library contained the following spells:

 Spells                   Type           Power      Damage    Failure   Level
 Passwall                 Tmut/Erth      7%         N/A       12%         2
 Stone Arrow              Conj/Erth      14%        3d7       30%         3
 Petrify                  Tmut/Erth      9%         N/A       63%         4


Dungeon Overview and Level Annotations

Branches:
Dungeon (2/15)

Altars:


Innate Abilities, Weirdness & Mutations

You cannot wear most types of armour.
You are amphibious.
You can wear up to eight rings at the same time.
Your skin changes colour to match your surroundings (Stealth+).
Your rubbery body absorbs attacks. (AC +1, EV +1)
((You are camouflaged when in or above water. (Stealth+)))
You have tentacles for arms and can constrict up to eight enemies at once.


Message History

Aiming: Sandblast (safe; 5% risk of failure)
Press: ? - help, Shift-Dir - straight line, f/p - jackal
Aim: a jackal (heavily wounded, 77% to hit)
The blast of sand hits the jackal.
You kill the jackal!
The jackal barely misses you.
There are monsters nearby!
Casting: Sandblast (safe; 5% risk of failure)
Confirm with . or Enter, or press ? or * to list all spells.
You don't have enough magic to cast this spell.
Casting: Sandblast (safe; 5% risk of failure)
Confirm with . or Enter, or press ? or * to list all spells.
You don't have enough magic to cast this spell.
Unknown command.
Unknown command.
You closely miss the jackal. Your grab misses the jackal.
You squeeze the jackal.
You kill the jackal!
The jackal barely misses you. The jackal bites you. x3
You have reached level 2!
The jackal misses you. The jackal attacks as you move away!
The jackal bites you. The jackal bites you. x3
The jackal attacks as you move away! The jackal bites you.
* * * LOW HITPOINT WARNING * * *
There is an escape hatch in the floor here.
You slide downwards.
The hatch slams shut behind you.
Found 26 gold pieces, a garnet ring and a blue potion.
Unknown command.
The helpless kobold fails to defend itself.
You tentacle-slap the kobold but do no damage.
You grab the kobold. You constrict the kobold. The jackal bites you.
* * * LOW HITPOINT WARNING * * *
The kobold misses you.
Unknown command.
Unknown command.
You tentacle-slap the kobold but do no damage.
The kobold is heavily wounded.
You constrict the kobold. The jackal bites you.
You die...

#
..#############
#..............
#...........#
##...........#
......h...$..#
.......@.....#
##.....K....$#
#...........#
#...........#
#.......=...#
.!...........#
##.#+##.######
#. #.#


You could see a jackal and a kobold.

Vanquished Creatures
  A ball python (D:1)
  An endoplasm (D:1)
  2 jackals (D:1)
  A kobold (D:1)
  A rat (D:1)
6 creatures vanquished.

Notes
Turn   | Place    | Note
-------+----------+-------------------------------------------
     0 | D:1      | 112233 the Octopode Earth Elementalist began the quest for
                  | the Orb.
     0 | D:1      | Reached XP level 1. HP: 11/11 MP: 3/3
   122 | D:1      | Reached XP level 2. HP: 9/17 MP: 0/5
   129 | D:2      | Slain by a jackal

Illustrated notes

Levels and vault maps discovered:
D:1:      dpeg_arrival_brainrot, layout_basic,
          shapermc_ecumenical_altar_mp_ritualfount, minmay_strange_pillars
D:2:      layout_basic

Action                     || total
---------------------------++-------
  Melee: Unarmed           ||     3
         Tentacles         ||     1
         Constrict         ||     1
   Cast: Sandblast         ||     8
   Stab: Sleeping          ||     1
  Dodge: Dodged            ||     5

Table legend: (Time is in decaauts)
 A = Elapsed time spent in this place.
 B = Non-inter-level travel time spent in this place.
 C = Inter-level travel time spent in this place.
 D = Time resting spent in this place.
 E = Time spent auto-exploring this place.
 F = Levels seen in this place.
 G = Mean time per level.
                   A        B        C        D        E       F      G
               +--------+--------+--------+--------+--------+-----+--------+
         Total |    132 |    132 |      0 |      0 |    103 |   2 |   66.0 |
       Dungeon |    132 |    132 |      0 |      0 |    103 |   2 |   66.0 |
               +--------+--------+--------+--------+--------+-----+--------+

Top non-repeatable levels by time:
     D:1: 131 daAuts
     D:2: 1 daAuts
